AoeStats
← Level LPJ

Baltic

510675431Analyzed
4v4 RM · 12h ago on Oct 2, 2026· 58m 0s· 8 players
Game mode
Random Map
Map size
Large (8 player)
Population
200
Speed
Normal
Resources
Standard
Victory
Conquest
Starting age
Dark Age
Ending age
Imperial Age
RankedLock teamsTeams togetherTeam positionsShared explorationLock speedFull tech treeHidden civsTurbo modeCheats
Victory
Defeat
🇨🇳 Franks · China
854
+13
🇨🇳 Persians · China
821
+14
🇲🇽 Celts · Mexico
804
+15
🇹🇷 Burgundians · Türkiye
736
+18
🇺🇸 Spanish · United States
886
-19
🇲🇽 Bengalis · Mexico
767
-14
🇦🇷 Persians · Argentina
750
-14
🇲🇽 Khmer · Mexico
726
-13
JANROD2944
1:27 Loom
12:41 Feudal Age
13:32 Double-Bit Axe
15:00 Wheelbarrow
14:38 Man-at-Arms
15:06 Arson
22:22 Castle Age
22:07 Forging
21:58 Scale Mail Armor
22:34 Long Swordsman
23:00 Gambesons
23:43 Bow Saw
23:16 Horse Collar
24:20 Iron Casting
25:35 Caravan
25:42 Town Watch
27:06 Hand Cart
27:35 Pikeman
29:55 Chain Mail Armor
30:27 Town Patrol
35:40 Imperial Age
34:06 Stronghold
35:45 Two-Handed Swordsman
35:59 Capped Ram
36:22 Halberdier
37:14 Champion
39:08 Gold Mining
39:09 Stone Mining
39:25 Heavy Plow
39:52 Ballistics
39:30 Murder Holes
40:36 Chemistry
40:13 Heavy Scorpion
Mea
5:50 Double-Bit Axe
11:37 Feudal Age
15:48 Castle Age
13:58 Horse Collar
16:13 Loom
18:32 Bow Saw
18:23 Heavy Plow
19:45 Caravan
20:30 Stone Mining
23:47 Squires
24:12 Gold Mining
26:18 Wheelbarrow
28:42 Hand Cart
32:12 Imperial Age
30:29 Stone Shaft Mining
29:58 Husbandry
29:20 Cavalier
29:24 Light Cavalry
30:58 Gold Shaft Mining
31:30 Burgundian Vineyards
32:53 Crop Rotation
32:36 Hussar
33:39 Scale Barding Armor
33:35 Padded Archer Armor
33:32 Capped Ram
35:18 Chemistry
34:14 Murder Holes
34:32 Masonry
34:04 Treadmill Crane
35:45 Paladin
38:12 Conscription
38:28 Hoardings
47:34 Two-Man Saw
48:48 Medium Warships
57:07 Chain Barding Armor
57:02 Leather Archer Armor
56:58 Forging
星河船泊
0:50 Loom
2:56 Loom
4:05 Loom
12:45 Feudal Age
13:33 Double-Bit Axe
13:31 Horse Collar
20:29 Castle Age
18:36 Gold Mining
19:32 Stone Mining
22:16 Bow Saw
22:39 Heavy Plow
23:32 Stone Shaft Mining
23:40 Fletching
24:02 Forging
25:14 Fervor
26:28 Wheelbarrow
25:39 Town Watch
27:26 Gold Shaft Mining
27:24 Devotion
28:35 Caravan
30:19 Iron Casting
29:51 Scale Barding Armor
29:42 Bodkin Arrow
35:40 Imperial Age
33:33 Hand Cart
34:35 Masonry
34:52 Chain Barding Armor
34:33 Padded Archer Armor
35:42 Bloodlines
35:33 Husbandry
34:55 Light Cavalry
36:33 Conscription
37:36 Two-Man Saw
37:44 Architecture
37:56 Crop Rotation
40:02 Kamandaran
40:41 Hoardings
41:16 Blast Furnace
41:33 Elite War Elephant
43:42 Faith
51:46 Citadels
54:25 Squires
53:46 Pikeman
54:35 Halberdier
Noob.
0:57 Loom
10:36 Feudal Age
17:30 Castle Age
17:30 Double-Bit Axe
19:08 Stone Mining
20:53 Gold Mining
25:50 Caravan
33:01 Husbandry
32:23 Pikeman
33:04 Squires
33:20 Forging
33:16 Scale Barding Armor
37:10 Iron Casting
36:56 Chain Barding Armor
42:22 Imperial Age
43:39 Cavalier
45:22 Blast Furnace
46:49 Bow Saw
48:49 Plate Barding Armor
53:18 Paladin
54:19 Scale Mail Armor
ferandres99
7:05 Loom
10:00 Feudal Age
10:54 Town Watch
11:21 Double-Bit Axe
14:01 Fishing Lines
15:44 Wheelbarrow
18:54 Castle Age
20:38 Medium Warships
21:48 Gillnets
23:26 Horse Collar
26:41 Bloodlines
27:44 Fletching
29:57 Bodkin Arrow
30:00 Murder Holes
33:29 Imperial Age
32:47 Masonry
33:19 Hand Cart
34:17 Bow Saw
35:51 Hoardings
36:30 Heavy Warships
37:10 Chemistry
36:41 Architecture
36:32 Ballistics
37:19 Bracer
38:28 Conscription
38:45 Hoardings
39:33 Two-Man Saw
40:24 Husbandry
42:48 Town Patrol
44:24 Caravan
43:57 Cavalier
45:18 Scale Barding Armor
45:24 Forging
46:08 Heavy Plow
46:59 Gold Mining
47:23 Fervor
47:28 Block Printing
47:34 Sanctity
48:13 Stone Mining
49:01 Iron Casting
51:10 Careening
51:11 Fortified Wall
51:11 Clinker Construction
52:06 Paladin
54:31 Blast Furnace
53:52 Chain Barding Armor
54:29 Inquisition
54:52 Supremacy
54:36 Devotion
55:01 Illumination
54:37 Atonement
Level LPJ
4:36 Loom
11:57 Feudal Age
17:02 Castle Age
16:13 Double-Bit Axe
17:23 Town Watch
20:05 Bow Saw
22:08 Fletching
28:35 Wheelbarrow
28:47 Horse Collar
33:35 Padded Archer Armor
34:23 Fortified Wall
35:02 Heavy Plow
36:49 Ballistics
36:55 Town Patrol
37:30 Bodkin Arrow
40:14 Masonry
42:41 Hand Cart
43:59 Fervor
44:04 Redemption
44:18 Sanctity
44:06 Murder Holes
47:19 Forging
47:09 Scale Mail Armor
46:53 Pikeman
47:36 Squires
47:30 Gambesons
51:53 Imperial Age
49:45 Chain Mail Armor
50:50 Iron Casting
51:10 Husbandry
51:21 Bloodlines
51:59 Halberdier
AL1EJANNDRO
13:34 Loom
21:06 Feudal Age
23:54 Castle Age
22:23 Stone Mining
22:25 Gold Mining
22:28 Double-Bit Axe
26:39 Coinage
26:14 Padded Archer Armor
26:15 Scale Mail Armor
26:21 Scale Barding Armor
26:08 Fletching
26:29 Forging
26:11 Town Watch
27:27 Stone Shaft Mining
29:48 Chain Barding Armor
29:36 Loom
30:29 Wheelbarrow
33:00 Leather Archer Armor
33:01 Chain Mail Armor
33:22 Iron Casting
32:43 Bodkin Arrow
32:44 Fishing Lines
33:15 Medium Warships
32:26 Demolition Ship
36:39 Imperial Age
36:40 Caravan
40:41 Conscription
39:52 Sappers
40:58 Hoardings
40:25 Tusk Swords
41:34 Double Crossbow
42:25 Pikeman
42:25 Man-at-Arms
44:48 Bow Saw
46:09 Elite Ballista Elephant
48:20 Clinker Construction
48:21 Careening
48:18 Siege Engineers
48:25 Masonry
Sopa de mani
0:28 Loom
11:38 Feudal Age
21:59 Castle Age
19:48 Double-Bit Axe
19:57 Gold Mining
20:09 Stone Mining
25:38 Wheelbarrow
29:00 Bow Saw
29:09 Hand Cart
29:09 Scale Barding Armor
30:51 Chain Barding Armor
33:20 Imperial Age
32:59 Stone Shaft Mining
33:03 Gold Shaft Mining
34:56 Caravan
36:01 Elite War Elephant
37:38 Plate Barding Armor
38:01 Husbandry
38:13 Bloodlines
Connection lost

Rejoining the realm…

Still unreachable

The connection could not be restored.

Session expired

The server has moved on; the page needs a fresh start.